General information
- name: BNet
- type: Ladder team game (AT/RT)
- host: Battle.net
- saver: NeverTrustAnE1f
map: Deadlock
- players: 8
- length: 18:20
- speed: Fast
- version: 1.26 W3XP
- replay type: Public
» download(118 KB)
Players
team 1 (loser)
vupg.3 (
yellow | 74 APM | 1244 actions | 16:52)
3 Blademaster
1 Critical Strike
2 Wind Walk
3 Shadow Hunter
1 Hex
2 Healing Wave
» actions
| Assign group hotkey | 22 | |
| Basic commands | 3 | |
| Build / train | 50 | |
| Enter build submenu | 14 | |
| Enter hero's abilities submenu | 6 | |
| Give item / drop item | 1 | |
| Remove unit from queue | 1 | |
| Right click | 353 | |
| Select / deselect | 237 | |
| Select group hotkey | 505 | |
| Use ability | 52 | |
1244 total
» units
| Peon | 7 | |
| Grunt | 5 | |
| Centaur Outrunner | 1 | |
| Troll Witch Doctor | 3 | |
| Shaman | 1 | |
| Tauren | 4 | |
21 total
» upgrades
| Pillage | 1 | |
| Armor | 2 | |
| Melee Weapons | 2 | |
| Witch Doctor Training | 2 | |
| Shaman Training | 2 | |
| Pulverize | 1 | |
10 total
» buildings
| Orc Burrow | 5 | |
| Altar of Storms | 1 | |
| Barracks | 1 | |
| Voodoo Lounge | 1 | |
| Stronghold | 1 | |
| War Mill | 1 | |
| Spirit Lodge | 2 | |
| Fortress | 1 | |
| Great Hall | 1 | |
| Tauren Totem | 2 | |
16 total
» build order
00:11 Orc Burrow
00:14 Altar of Storms
00:54 Barracks
01:34 Orc Burrow
02:29 Voodoo Lounge
03:27 Stronghold
03:46 War Mill
04:03 Orc Burrow
06:37 Spirit Lodge
06:51 Spirit Lodge
09:07 Fortress
09:13 Orc Burrow
11:31 Great Hall
12:05 Tauren Totem
12:24 Tauren Totem
14:36 Orc Burrow
» items
| Circlet of Nobility | 1 | |
| Healing Salve | 2 | |
| Orb of Lightning | 2 | |
| Potion of Healing | 1 | |
| Lesser Clarity Potion | 1 | |
| Potion of Mana | 2 | |
9 total
Freezer_ (
teal | 46 APM | 834 actions | 18:18)
3 Blademaster
2 Wind Walk
1 Critical Strike
» actions
| Basic commands | 15 | |
| Build / train | 61 | |
| Enter build submenu | 16 | |
| Enter hero's abilities submenu | 3 | |
| Give item / drop item | 2 | |
| Right click | 355 | |
| Select / deselect | 295 | |
| Use ability | 87 | |
834 total
» units
| Peon | 11 | |
| Raider | 8 | |
| Shaman | 1 | |
| Troll Batrider | 11 | |
31 total
» upgrades
| Melee Weapons | 3 | |
| Armor | 2 | |
| Shaman Training | 2 | |
| Ensnare | 1 | |
| Pillage | 1 | |
| Liquid Fire | 1 | |
10 total
» buildings
| Altar of Storms | 1 | |
| Orc Burrow | 6 | |
| War Mill | 1 | |
| Voodoo Lounge | 1 | |
| Watch Tower | 4 | |
| Stronghold | 1 | |
| Fortress | 1 | |
| Spirit Lodge | 1 | |
| Beastiary | 2 | |
18 total
» build order
00:27 Altar of Storms
00:43 Orc Burrow
01:08 War Mill
01:31 Voodoo Lounge
01:41 Orc Burrow
02:24 Watch Tower
02:50 Watch Tower
03:23 Stronghold
04:01 Orc Burrow
05:01 Orc Burrow
05:44 Fortress
05:46 Spirit Lodge
06:00 Beastiary
07:07 Beastiary
11:28 Orc Burrow
13:23 Watch Tower
14:29 Orc Burrow
14:32 Watch Tower
» items
| Healing Salve | 2 | |
| Circlet of Nobility | 1 | |
| Boots of Speed | 2 | |
| Lesser Clarity Potion | 2 | |
| Orb of Lightning | 1 | |
| Potion of Healing | 2 | |
10 total

»
yu.hong (
blue | 71 APM | 1275 actions | 18:04)
3 Mountain King
2 Storm Bolt
1 Bash
2 Paladin
2 Holy Light
» actions
| Assign group hotkey | 2 | |
| Build / train | 96 | |
| Enter build submenu | 31 | |
| Enter hero's abilities submenu | 5 | |
| Right click | 628 | |
| Select / deselect | 444 | |
| Select group hotkey | 6 | |
| Use ability | 62 | |
1275 total
» units
| Peasant | 34 | |
| Footman | 6 | |
| Gryphon Rider | 9 | |
| Siege Engine | 1 | |
50 total
» upgrades
| Lumber Harvesting | 3 | |
| Storm Hammers | 2 | |
| Animal War Training | 1 | |
| Barrage | 1 | |
| Swords | 1 | |
| Armor | 1 | |
9 total
» buildings
| Lumber Mill | 1 | |
| Altar of Kings | 1 | |
| Barracks | 2 | |
| Farm | 12 | |
| Scout Tower | 5 | |
| Arcane Tower | 2 | |
| Keep | 6 | |
| Arcane Vault | 1 | |
| Town Hall | 1 | |
| Castle | 4 | |
| Gryphon Aviary | 5 | |
| Blacksmith | 1 | |
| Workshop | 2 | |
43 total
» build order
00:11 Lumber Mill
00:17 Altar of Kings
00:42 Barracks
00:45 Barracks
00:53 Farm
01:32 Scout Tower
01:47 Farm
02:19 Arcane Tower
02:19 Arcane Tower
02:32 Farm
03:16 Keep
03:16 Keep
03:16 Keep
03:17 Keep
04:24 Arcane Vault
04:39 Town Hall
05:09 Farm
05:38 Castle
06:43 Gryphon Aviary
07:05 Gryphon Aviary
07:12 Farm
07:39 Castle
07:43 Gryphon Aviary
07:46 Gryphon Aviary
07:59 Farm
08:19 Farm
09:01 Farm
10:13 Blacksmith
11:32 Farm
11:38 Farm
11:43 Farm
11:49 Workshop
11:52 Workshop
12:13 Scout Tower
12:18 Scout Tower
14:13 Farm
14:17 Scout Tower
14:19 Scout Tower
14:44 Gryphon Aviary
» items
| Scroll of Regeneration | 2 | |
| Lesser Clarity Potion | 1 | |
| Scroll of Town Portal | 2 | |
5 total
danil (
pink | 19 APM | 141 actions | 07:31)
1 Blood Mage
1 Flame Strike
» actions
| Build / train | 20 | |
| Enter build submenu | 11 | |
| Enter hero's abilities submenu | 1 | |
| Right click | 37 | |
| Select / deselect | 57 | |
| Use ability | 15 | |
141 total
» units
» upgrades
» buildings
| Altar of Kings | 1 | |
| Lumber Mill | 1 | |
| Farm | 7 | |
| Barracks | 1 | |
| Keep | 1 | |
| Blacksmith | 1 | |
12 total
» build order
00:26 Altar of Kings
01:12 Lumber Mill
01:46 Farm
02:16 Barracks
02:53 Farm
03:34 Farm
03:39 Farm
05:16 Farm
05:18 Keep
05:37 Farm
06:15 Blacksmith
06:22 Farm
team 2 (winner)
hempmeh (
purple | 38 APM | 689 actions | 18:19)
4 Priestess of the Moon
1 Searing Arrows
1 Trueshot Aura
2 Scout
4 Keeper of the Grove
2 Entangling Roots
1 Thorns Aura
1 Force of Nature
» actions
| Assign group hotkey | 20 | |
| Basic commands | 33 | |
| Build / train | 77 | |
| Enter build submenu | 15 | |
| Enter hero's abilities submenu | 7 | |
| Remove unit from queue | 1 | |
| Right click | 291 | |
| Select / deselect | 167 | |
| Select group hotkey | 41 | |
| Use ability | 37 | |
689 total
» units
| Wisp | 28 | |
| Archer | 7 | |
| Huntress | 3 | |
| Dryad | 3 | |
| Druid of the Claw | 2 | |
| Hippogryph | 1 | |
| Druid of the Talon | 1 | |
45 total
» upgrades
| Moon Armor | 2 | |
| Strength of the Moon | 2 | |
| Strength of the Wild | 2 | |
| Sentinel | 1 | |
| Improved Bows | 1 | |
| Abolish Magic | 1 | |
| Reinforced Hides | 2 | |
| Upgrade Moon Glaive | 1 | |
| Druid of the Claw Training | 2 | |
| Hippogryph Taming | 1 | |
| Ultravision | 1 | |
| Well Spring | 1 | |
| Mark of the Claw | 1 | |
18 total
» buildings
| Moon Well | 7 | |
| Altar of Elders | 1 | |
| Ancient of War | 2 | |
| Hunter's Hall | 1 | |
| Tree of Life | 1 | |
| Tree of Ages | 1 | |
| Tree of Eternity | 1 | |
| Ancient of Lore | 2 | |
| Ancient of Wind | 2 | |
18 total
» build order
00:10 Moon Well
00:12 Altar of Elders
00:33 Ancient of War
01:24 Moon Well
02:13 Ancient of War
03:12 Moon Well
03:39 Hunter's Hall
04:17 Moon Well
05:10 Tree of Life
05:20 Tree of Ages
09:14 Tree of Eternity
09:17 Ancient of Lore
09:20 Ancient of Lore
09:25 Ancient of Wind
09:29 Ancient of Wind
09:32 Moon Well
09:33 Moon Well
09:34 Moon Well
Vergon (
green | 37 APM | 681 actions | 18:19)
3 Blademaster
1 Wind Walk
2 Critical Strike
3 Shadow Hunter
2 Healing Wave
1 Hex
» actions
| Assign group hotkey | 13 | |
| Build / train | 45 | |
| Enter build submenu | 12 | |
| Enter hero's abilities submenu | 6 | |
| Right click | 326 | |
| Select / deselect | 130 | |
| Select group hotkey | 114 | |
| Use ability | 35 | |
681 total
» units
» upgrades
| Ranged Weapons | 3 | |
| Armor | 3 | |
| Envenomed Spears | 1 | |
| Reinforced Defenses | 1 | |
8 total
» buildings
| Stronghold | 1 | |
| Altar of Storms | 1 | |
| Orc Burrow | 7 | |
| Beastiary | 2 | |
| War Mill | 1 | |
| Fortress | 1 | |
| Voodoo Lounge | 1 | |
14 total
» build order
01:23 Stronghold
03:56 Altar of Storms
03:58 Orc Burrow
04:08 Beastiary
04:17 Beastiary
04:25 Orc Burrow
05:26 Orc Burrow
05:42 War Mill
05:59 Orc Burrow
06:40 Orc Burrow
09:07 Fortress
09:12 Voodoo Lounge
09:18 Orc Burrow
11:38 Orc Burrow
» items
| Scroll of Town Portal | 1 | |
| Scroll of Speed | 1 | |
| Healing Salve | 1 | |
| Orb of Lightning | 1 | |
| Lesser Clarity Potion | 2 | |
6 total

»
sansluv1 (
orange | 43 APM | 784 actions | 18:19)
6 Warden
3 Shadow Strike
2 Blink
1 Spirit of Vengeance
» actions
| Build / train | 47 | |
| Enter build submenu | 14 | |
| Enter hero's abilities submenu | 6 | |
| Right click | 468 | |
| Select / deselect | 199 | |
| Use ability | 50 | |
784 total
» units
| Wisp | 12 | |
| Archer | 4 | |
| Huntress | 6 | |
| Druid of the Claw | 6 | |
28 total
» upgrades
| Strength of the Wild | 2 | |
| Reinforced Hides | 2 | |
| Druid of the Claw Training | 2 | |
6 total
» buildings
| Moon Well | 5 | |
| Altar of Elders | 1 | |
| Ancient of War | 1 | |
| Hunter's Hall | 1 | |
| Ancient Protector | 2 | |
| Tree of Ages | 1 | |
| Ancient of Lore | 2 | |
| Tree of Eternity | 1 | |
| Ancient of Wonders | 1 | |
15 total
» build order
00:07 Moon Well
00:13 Altar of Elders
01:02 Ancient of War
01:30 Moon Well
02:28 Hunter's Hall
03:39 Ancient Protector
05:02 Tree of Ages
05:14 Moon Well
08:15 Ancient of Lore
09:15 Ancient Protector
10:24 Tree of Eternity
10:27 Moon Well
11:24 Moon Well
13:57 Ancient of Lore
17:32 Ancient of Wonders
» items
| Circlet of Nobility | 2 | |
| Periapt of Vitality | 1 | |
| Dust of Appearance | 1 | |
4 total
NeverTrustAnE1f (
red | 78 APM | 1423 actions | 18:20)
4 Blood Mage
2 Flame Strike
2 Siphon Mana
» actions
| Assign group hotkey | 240 | |
| Basic commands | 6 | |
| Build / train | 79 | |
| Enter build submenu | 38 | |
| Enter hero's abilities submenu | 4 | |
| Give item / drop item | 2 | |
| Remove unit from queue | 1 | |
| Right click | 589 | |
| Select / deselect | 271 | |
| Select group hotkey | 109 | |
| Use ability | 84 | |
1423 total
» units
| Peasant | 18 | |
| Footman | 10 | |
| Sorceress | 3 | |
31 total
» upgrades
| Lumber Harvesting | 2 | |
| Sorceress Training | 1 | |
| Magic Sentry | 1 | |
| Masonry | 3 | |
| Gunpowder | 2 | |
| Plating | 1 | |
| Armor | 1 | |
11 total
» buildings
| Altar of Kings | 1 | |
| Barracks | 1 | |
| Farm | 4 | |
| Scout Tower | 17 | |
| Arcane Tower | 1 | |
| Arcane Vault | 1 | |
| Keep | 1 | |
| Town Hall | 1 | |
| Lumber Mill | 2 | |
| Guard Tower | 5 | |
| Arcane Sanctum | 1 | |
| Castle | 1 | |
| Blacksmith | 2 | |
| Workshop | 3 | |
41 total
» build order
00:36 Altar of Kings
00:37 Barracks
00:53 Farm
01:04 Farm
01:06 Farm
01:15 Scout Tower
02:09 Farm
02:12 Arcane Tower
03:19 Arcane Vault
04:12 Keep
04:26 Town Hall
04:49 Lumber Mill
05:30 Scout Tower
05:30 Scout Tower
05:34 Scout Tower
06:37 Guard Tower
06:42 Arcane Sanctum
06:54 Scout Tower
06:59 Scout Tower
07:03 Scout Tower
08:07 Guard Tower
09:12 Scout Tower
09:13 Scout Tower
09:14 Scout Tower
09:18 Scout Tower
09:18 Scout Tower
09:18 Scout Tower
09:19 Scout Tower
09:21 Scout Tower
09:23 Scout Tower
09:56 Guard Tower
10:12 Guard Tower
10:14 Scout Tower
10:55 Guard Tower
11:52 Castle
14:39 Lumber Mill
16:24 Blacksmith
16:25 Blacksmith
17:43 Workshop
17:44 Workshop
17:47 Workshop
» items
| Scroll of Regeneration | 3 | |
| Boots of Speed | 1 | |
| Staff of Teleportation | 1 | |
| Potion of Invisibility | 3 | |
| Periapt of Vitality | 1 | |
| Potion of Healing | 5 | |
| Potion of Mana | 4 | |
| Lesser Clarity Potion | 3 | |
| Scroll of Town Portal | 2 | |
23 total
Chat log
(00:47 / Allies) NeverTrustAnE1f: gotta find teal's base so I can pick on him
(00:58 / Allies) Vergon: why
(01:11 / Allies) NeverTrustAnE1f: he's on my list
(01:21 / Allies) Vergon: what list
(01:25 / Allies) NeverTrustAnE1f: my shit list
(01:29 / Allies) Vergon: why
(01:32 / Allies) NeverTrustAnE1f: because he is a faggot
(01:41 / Allies) Vergon: what he do
(01:42 / Allies) NeverTrustAnE1f: that shit talked me when he and another fag had a lopsided team
(04:30 / Allies) Vergon: woo dplz
(04:49 / Allies) Vergon: 100 wood?
(05:45 / Allies) Vergon: need 100 wood
(08:22 / All) Vergon: lol
(08:35 / Allies) Vergon: i need wood not gold
(08:40 / Allies) NeverTrustAnE1f: blue is asking for it
(10:37 / All) NeverTrustAnE1f: sup faggot
(10:40 / All) NeverTrustAnE1f: this is a GOOD rush
(10:42 / All) NeverTrustAnE1f: harass
(11:44 / All) NeverTrustAnE1f: get out queer
(11:50 / All) Freezer_: smart pussy
(12:22 / All) NeverTrustAnE1f: nice peons you got htere
(13:49 / All) NeverTrustAnE1f: You are on my shit list teal
(13:59 / All) Freezer_: hush little boy
(14:05 / All) NeverTrustAnE1f: you're getting raped by 1 hero faggot lol
(14:08 / All) NeverTrustAnE1f: you should be ashamed
(14:08 / All) Freezer_: I know sandusky molested you
(14:18 / All) NeverTrustAnE1f: I got sandusky right here molesting your peons
(14:42 / All) Freezer_: lucky pink was on curfew
(14:46 / All) Freezer_: not exactly even
(14:51 / All) NeverTrustAnE1f: lawl
(14:52 / All) NeverTrustAnE1f: whine
(14:53 / All) NeverTrustAnE1f: cry
(14:56 / All) NeverTrustAnE1f: raped faggot
(15:11 / All) Freezer_: you are sandusky personal pet
(15:14 / All) Freezer_: his favorite
(15:23 / All) NeverTrustAnE1f: nice bats lol
(15:53 / Allies) NeverTrustAnE1f: watch otu for bats green
(15:55 / Allies) NeverTrustAnE1f: out green
(15:59 / Allies) NeverTrustAnE1f: get the batrs
(16:57 / All) NeverTrustAnE1f: that's your cue fag
(17:14 / All) NeverTrustAnE1f: absolutely embarrassed
(17:24 / All) NeverTrustAnE1f: thanks for the salve
(18:03 / All) Freezer_: that's it red, going to have sandusky molest you again
(18:14 / All) Freezer_: Lol
(18:15 / All) NeverTrustAnE1f: I molested you with one hero
(18:16 / All) Freezer_: gg